Map: Neon Violet Square LE

Players

Yamapickle - Winner!

  • Race: Zerg Zerg
  • League: Diamond
  • Spawn Location: 5:00

Escape

  • Race: Protoss Protoss
  • League: Diamond
  • Spawn Location: 11:00

VOD

Have the link to the VOD?

Description

Time

  • Played on: Dec. 12, 2017, 7:54 p.m.
  • Length: 13:41
Show
View Real Time Build Order
Export as new Build Order

Yamapickle Zerg - Winner!

Build Orders: Hatch First 

Get SALT Encoding   

  12  0:03  Drone  
  13  0:14  Overlord  
  13  0:20  Drone  
  14  0:35  Drone  
  14  0:36  Drone  
  16  0:44  Drone  
  17  0:53  Drone  
  18  1:02  Drone  
  18  1:03  Hatchery  
  18  1:07  Extractor  
  17  1:19  Spawning Pool  
  17  1:23  Drone  
  17  1:24  Drone  
  18  1:32  Drone  
  19  1:41  Overlord  
  19  2:08  Queen  
  19  2:09  Zergling x4  
  19  2:10  Metabolic Boost  
  19  2:15  Queen  
  25  2:17  Zergling x2  
  25  2:18  Zergling x2  
  27  2:23  Drone  
  27  2:26  Drone  
  29  2:35  Drone  
  30  2:47  Queen  
  30  2:50  Drone x3  
  34  3:14  Drone  
  34  3:15  Overlord  
  34  3:16  Overlord x2  
  34  3:36  Queen x2  
  34  3:40  Hatchery  
  37  4:00  Drone x4  
  37  4:01  Drone x3  
  43  4:15  Roach Warren  
  42  4:18  Evolution Chamber  
  42  4:22  Drone x3  
  42  4:23  Drone x3, Extractor  
  42  4:24  Extractor  
  45  4:40  Lair, Pneumatized Carapace  
  45  4:48  Drone x4  
  45  4:49  Drone x2  
  51  4:54  Queen  
  53  5:01  Drone, Extractor  
  53  5:02  Drone x3  
  53  5:04  Overlord  
  56  5:12  Zerg Melee Weapons Level 1  
  56  5:18  Zergling x2  
  56  5:19  Zergling x10  
  62  5:26  Zergling x6  
  62  5:27  Zergling x4  
  62  5:36  Roach x2  
  60  5:58  Roach x5  
  60  5:59  Roach  
  60  6:02  Drone  
  60  6:03  Drone  
  74  6:04  Overlord  
  74  6:22  Queen  
  75  6:26  Roach  
  75  6:27  Roach x2  
  75  6:29  Overlord x3  
  76  6:46  Ravager  
  77  6:47  Queen  
  77  6:48  Nydus Network  
  77  6:51  Queen  
  80  7:00  Queen  
  82  7:02  Zergling x6  
  82  7:03  Zergling x8  
  89  7:23  Roach x5  
  94  7:39  Nydus Canal  
  92  8:05  Roach  
  94  8:06  Roach x6  
  102  8:16  Roach x2  
  106  8:25  Overlord x4  
  104  8:59  Zergling x10  
  104  9:00  Zergling x12  
  102  9:11  Drone  
  54  10:06  Drone x6  
  60  10:31  Drone x2  
  60  10:32  Hatchery  
  61  10:44  Hatchery  
  58  11:51  Spawning Pool  
  57  12:17  Drone x2  
  59  12:28  Drone x3  
  62  12:31  Hatchery  
  61  12:41  Queen, Zergling x2  
  64  12:49  Spine Crawler  
  64  12:50  Spine Crawler  
  62  12:52  Spine Crawler  
  61  13:01  Zergling x4  
  63  13:17  Spore Crawler  
Show
View Real Time Build Order
Export as new Build Order

Escape Protoss 

Build Orders: 1 Gate Expand 

Get SALT Encoding   

  12  0:01  Probe  
  13  0:13  Probe  
  14  0:24  Pylon  
  14  0:25  Probe  
  15  0:42  Probe  
  16  0:43  Gateway  
  16  0:47  Assimilator  
  16  0:55  Probe  
  17  1:07  Probe  
  18  1:19  Probe  
  19  1:32  Nexus  
  19  1:40  Cybernetics Core  
  19  1:46  Pylon  
  19  2:06  Probe  
  20  2:17  Robotics Facility  
  20  2:18  Probe  
  20  2:20  Warp Gate (Chrono Boost)  
  20  2:21  Zealot  
  23  2:30  Probe  
  24  2:42  Probe  
  25  2:47  Pylon  
  25  2:48  Assimilator  
  25  2:55  Probe  
  25  2:56  Probe  
  27  3:00  Stalker  
  29  3:08  Warp Prism  
  30  3:37  Probe  
  30  3:38  Probe  
  32  3:45  Immortal (Chrono Boost)  
  36  3:49  Probe  
  36  3:50  Probe  
  38  4:02  Probe  
  37  4:13  Zealot  
  37  4:14  Immortal (Chrono Boost)  
  43  4:20  Gateway  
  43  4:22  Gateway  
  43  4:42  Gateway, Probe x2  
  43  4:44  Observer (Chrono Boost), Forge  
  46  4:54  Probe x2  
  46  4:57  Gateway  
  48  5:00  Pylon  
  48  5:06  Probe  
  49  5:09  Pylon  
  49  5:18  Protoss Ground Weapons Level 1 (Chrono Boost)  
  49  5:22  Zealot  
  49  5:28  Sentry x2  
  49  6:08  Zealot x4  
  57  6:11  Sentry  
  51  6:44  Zealot x3  
  51  6:45  Zealot x2  
  61  6:54  Probe x2  
  63  7:06  Probe  
  64  7:17  Zealot x3  
  70  7:23  Pylon  
  70  7:26  Pylon  
  70  7:29  Pylon  
  70  7:32  Pylon  
  70  7:34  Pylon  
  70  7:36  Gateway  
  70  7:37  Sentry  
  70  7:39  Gateway  
  70  7:40  Gateway  
  70  7:42  Twilight Council  
  70  7:51  Zealot x4  
  76  8:09  Shield Battery x2  
  71  8:38  Sentry x2  
  71  8:51  Zealot x6  
  81  9:10  Zealot x2  
  81  9:11  Zealot x4  
  51  10:05  Zealot  
  49  10:20  Nexus  
  43  10:23  Nexus  
  43  10:25  Nexus  
  36  10:29  Pylon  
Tags
 
Add a new tag
Caveats
  • Supply blocks, unpowered buildings, or Contaminate may cause inaccurate times.
  • Supply counts are checked every 10 seconds.